 Dungeon Crawl Stone Soup version 0.17.2-1-ge4368a0 (webtiles) character file.

88 Goblin1989 the Cudgeler (level 4, -2/35 HPs)
             Began as a Demonspawn Wanderer on Oct 27, 2016.
             Slain by Duvessa
             ... wielding a +1 short sword of draining
              (10 damage)
             ... on level 4 of the Dungeon.
             The game lasted 00:06:43 (2097 turns).

Goblin1989 the Cudgeler (Demonspawn Wanderer)       Turns: 2097, Time: 00:06:43

Health: -2/35      AC:  5    Str: 11    XL:     4   Next: 30%
Magic:  0/4        EV:  9    Int: 14    God:
Gold:   138        SH:  0    Dex: 14    Spells: 0 memorised, 3 levels left

rFire  + . .     SeeInvis +     s - +0 whip
rCold  + . .     Clarity  .     b - +0 ring mail
rNeg   . . .     SustAt   .     (no shield)
rPois  +         Gourm    .     (no helmet)
rElec  +         Spirit   +     (no cloak)
rCorr  +         Warding  .     (no gloves)
rMut   .         Stasis   .     (no boots)
MR     .....                    r - amulet of regeneration
Stlth  +.........               (no ring)
                                (no ring)

@: resistant, flying, very slightly contaminated, hasted, heavily drained, very
quick, not resistant to hostile enchantments, very unstealthy
A: see invisible, powered by death 1, spit poison 1, wild magic 1, magic shield
a: Spit Poison


You were on level 4 of the Dungeon.
You were not hungry.

You visited 1 branch of the dungeon, and saw 4 of its levels.

You collected 138 gold pieces.

Inventory:

Hand Weapons
 a - a +2 mace
 s - a +0 whip (weapon)
Armour
 b - a +0 ring mail (worn)
 g - a +0 plate armour
 m - a cursed +0 helmet
Jewellery
 r - an amulet of regeneration (around neck)
Scrolls
 j - a scroll of remove curse {unknown}
 k - 3 scrolls of identify {unknown}
 l - a scroll of enchant weapon {unknown}
 n - a scroll of immolation {unknown}
 p - a scroll of enchant armour {unknown}
 t - a scroll of teleportation {unknown}
 u - a scroll of random uselessness {unknown}
 v - a scroll of recharging {unknown}
Potions
 c - 2 potions of curing {@q1}
 e - a potion of flight
 o - a potion of haste {!q, @q3}
Comestibles
 d - a bread ration {@e1}
 f - 2 meat rations {@e2}
 q - a beef jerky
 w - a chunk of flesh {@w0}


   Skills:
 - Level 3.0(1.1) Fighting
 + Level 4.2(2.2) Maces & Flails
 - Level 1.0(0.0) Throwing
 - Level 2.6(0.8) Armour
 - Level 1.0(0.0) Stealth


You had 3 spell levels left.
You didn't know any spells.

Dungeon Overview and Level Annotations

Branches:
Dungeon (4/15)
 Temple: D:4-7

Altars:
Zin

Shops:
D:2 *

Annotations:
D:4 Dowan, Duvessa


Innate Abilities, Weirdness & Mutations

You regenerate a little health from kills.
When hurt, damage is shared between your health and your magic reserves.
You have supernaturally acute eyesight.
You can spit weak poison.
Your spells are a little harder to cast, but a little more powerful.


Message History

Duvessa hits you with a short sword of draining.
* * * LOW HITPOINT WARNING * * *
You feel drained.
You take 3 damage, and have 12/35 hp.
You now have 1/4 mp.
You hit Duvessa but do no damage.
Duvessa is severely wounded.
Dowan casts a spell.
Dowan blinks!
You closely miss Duvessa.
Duvessa is severely wounded.
Duvessa hits you with a short sword of draining.
* * * LOW HITPOINT WARNING * * *
You feel drained.
* * * LOW HITPOINT WARNING * * *
You take 4 damage, and have 8/35 hp.
You now have 0/4 mp.
You closely miss Duvessa.
Duvessa is severely wounded.
Duvessa says, "When magic and the sword combine, nothing stands against them."
Duvessa hits you with a short sword of draining!
You die... ███ █.. █████

██.█
██...███████████
██...
█".......e@....█
██.█.█
█████..§..████████.█
██.██.█ █.....███.█
█.█ █......
█...█.███.█ █.█
█..██.█ █...█.....█
█.█ █.█.█.█
█.█e███████
█.██████.██... █.█.█
█........█████
█.█..█ █ ██..███████
█.███.██.███ █...█


You could see Duvessa.

Vanquished Creatures
  Robin (D:2)
  An adder (D:2)
  2 gnolls (D:3)
  An ooze (D:1)
  2 giant geckos (D:2)
  A ball python (D:3)
  10 goblins
  5 hobgoblins
  6 kobolds
  2 quokkas
  4 bats
  3 giant newts
  4 rats
42 creatures vanquished.

Notes
Turn   | Place    | Note
--------------------------------------------------------------
     0 | D:1      | Goblin1989 the Demonspawn Wanderer began the quest for the Orb.
     0 | D:1      | Goblin1989 set off with: a +2 mace, a +0 ring mail, a potion of curing {@q1}, a bread ration {@e1}
     0 | D:1      | Reached XP level 1. HP: 18/18 MP: 1/1
   333 | D:1      | Gained mutation: When hurt, damage is shared between your health and your magic reserves. [demonic ancestry]
   333 | D:1      | Reached XP level 2. HP: 20/24 MP: 2/2
   631 | D:2      | Found Zin's Purification Station.
   634 | D:2      | Found a glowing silver altar of Zin.
   656 | D:2      | Reached XP level 3. HP: 27/29 MP: 1/3
   717 | D:2      | Noticed Robin
   762 | D:2      | Killed Robin
  1237 | D:3      | Reached skill level 4 in Maces & Flails
  1237 | D:3      | Gained mutation: You regenerate a little health from kills. [demonic ancestry]
  1237 | D:3      | Reached XP level 4. HP: 14/35 MP: 0/4
  2055 | D:4      | Noticed Dowan
  2056 | D:4      | Noticed Duvessa
  2081 | D:4      | Gained mutation: You can spit weak poison. [potion of mutation]
  2081 | D:4      | Gained mutation: Your spells are a little harder to cast, but a little more powerful. [potion of mutation]
  2081 | D:4      | Gained mutation: You have supernaturally acute eyesight. [potion of mutation]
  2097 | D:4      | Slain by Duvessa

Action                   |  1- 3 |  4- 6 || total
-------------------------+-------+-------++-------
Melee: Mace              |   103 |    18 ||   121
       Whip              |       |    27 ||    27
  Use: Potion            |       |     4 ||     4
  Eat: Chunk             |       |     3 ||     3
       Pizza             |       |     1 ||     1

Vault maps used:
D:1:      eino_arrival_water_cross, fountainhead, minivault_26
D:2:      zin_purify, tgw_xom, uniq_robin
D:4:      nicolae_overflow_hidden_temple, serial_shops,
          nicolae_shop_temple_entry_statues_fountains, uniq_sigmund,
          uniq_edmund, uniq_duvessa
